 Dungeon Sprint DCSS version 0.22-a0-482-g76e0a5f (webtiles) character file.

53 emperorscorpion the Poker (level 3, -7/33 HPs)
             Began as a Demonspawn Berserker on June 17, 2018.
             Was a Priest of Trog.
             Mangled by an iguana (13 damage)
             ... in the Dungeon (Sprint IX: "|||||||||||||||||||||||||||||").
             The game lasted 00:00:39 (289 turns).

emperorscorpion the Poker (Demonspawn Berserker)     Turns: 289, Time: 00:00:39

Health: -7/33      AC: -5    Str: 17    XL:     3   Next: 62%
Magic:  3/3        EV: 13    Int:  8    God:    Trog [***...]
Gold:   0          SH:  0    Dex: 13    Spells: 2/2 levels left

rFire    . . .     SeeInvis .   a - +0 spear
rCold    . . .     Gourm    .   (no shield)
rNeg     . . .     Faith    .   b - +0 animal skin
rPois    .         Spirit   .   (helmet restricted)
rElec    .         Reflect  .   (no cloak)
rCorr    .         Harm     .   (no gloves)
MR       .....     NoTele   +   (no boots)
Stlth    +.........             (no amulet)
HPRegen  0.11/turn              (no ring)
MPRegen  0.08/turn              (no ring)

@: corroded, berserk cooldown, slowed, very slow
A: antennae 2
a: Berserk, Trog's Hand, Renounce Religion


You were in the Dungeon.
You worshipped Trog.
Trog was most pleased with you.
You were not hungry.

You visited 1 branch

Inventory:

Hand Weapons
 a - a +0 spear (weapon)
Armour
 b - a +0 animal skin (worn)
Scrolls
 i - a scroll of blinking
Potions
 d - a potion of curing
 e - a potion of heal wounds
 f - a potion of haste
 g - 2 potions of magic
 h - a potion of berserk rage
Comestibles
 c - a ration


   Skills:
 + Level 5.1 Fighting
 + Level 5.3 Polearms
 + Level 2.4 Armour
 + Level 2.7 Dodging
 + Level 0.1 Stealth


You had 2 spell levels left.
You didn't know any spells.
Your spell library was empty.

Dungeon Overview and Level Annotations

Branches:
Dungeon (1/1)

Altars:


Innate Abilities, Weirdness & Mutations

You have a pair of antennae on your head.


Message History

The iguana is severely wounded.
The iguana bites you.
* * * LOW HITPOINT WARNING * * *
You closely miss the iguana.
The iguana is severely wounded.
You hit the iguana but do no damage.
The iguana is severely wounded.
The iguana closely misses you.
You closely miss the iguana.
The iguana is severely wounded.
The iguana barely misses you.
You barely miss the iguana.
The iguana is severely wounded.
You are no longer berserk.
You are exhausted.
You feel yourself slow down.
You hit the iguana but do no damage.
The iguana is severely wounded.
The iguana bites you!
You die... ▓▓▓▓▓▓▓▓▓▓▓▓▓▓▓▓▓▓ ▓<...)....@l.....+ ▓▓▓▓▓▓▓▓▓▓▓▓▓▓▓▓▓▓

You could see an iguana.

Vanquished Creatures
  A jelly (D)
  2 adders (D)
  2 hobgoblins (D)
  A ball python skeleton (D)
  A bat (D)
  A frilled lizard (D)
  A rat (D)
9 creatures vanquished.

Notes
Turn   | Place    | Note
-------+----------+-------------------------------------------
     0 | D        | emperorscorpion the Demonspawn Berserker began the quest for the Orb.
     0 | D        | Reached XP level 1. HP: 18/18 MP: 1/1
    20 | D        | Reached ** piety under Trog
   268 | D        | Noticed a jelly
   268 | D        | Noticed an iguana
   272 | D        | Gained mutation: You have a pair of small antennae on your head. [demonic ancestry]
   272 | D        | Reached XP level 2. HP: 25/25 MP: 2/2
   273 | D        | Reached *** piety under Trog
   281 | D        | Reached skill level 5 in Fighting
   281 | D        | Reached skill level 5 in Polearms
   281 | D        | Gained mutation: You have a pair of antennae on your head. [demonic ancestry]
   281 | D        | Reached XP level 3. HP: 15/33 MP: 3/3
   289 | D        | Mangled by an iguana

Vault maps used:
D:        linesprint

Skill      XL: |  1  2 |
---------------+-------+-----
Polearms       | 4 5 |  5.3
Dodging        | 2 |  2.7
Armour         | 2 |  2.4
Fighting       | 4 5 |  5.1
Stealth        | |  0.1

Action                   || total
-------------------------++-------
Melee: Spear             ||    42
Invok: Berserk           ||     2
Armor: Animal skin       ||     2
Dodge: Dodged            ||    11

Table legend:
 A = Spawn XP
 B = Non-spawn XP
 C = Spawn XP percentage of total XP
 D = Spawn monster count
 E = Non-spawn monster count
 F = Spawn count percentage of total count
 G = Total turns spent on level
                    A         B        C        D         E        F      G
               +---------+---------+-------+---------+---------+-------+---------
         Total |       0 |      76 |   0.0 |       0 |       9 |   0.0 |   289
               +---------+---------+-------+---------+---------+-------+---------
             D |       0 |      76 |   0.0 |       0 |       9 |   0.0 |   289
               +---------+---------+-------+---------+---------+-------+---------
